 Dungeon Crawl Stone Soup version 0.31-a0-702-gf82c85558f (webtiles) character file.

Game seed: 2805240448742330973

326 qw the Shooter (level 6, -17/39 HPs)
             Began as a Gargoyle Hunter on Sept 7, 2023.
             Was an Initiate of Okawaru.
             Killed from afar by a steam dragon (23 damage)
             ... with a ball of steam
             ... on level 4 of the Dungeon.
             The game lasted 00:00:57 (2520 turns).

qw the Shooter (Gargoyle Hunter)                    Turns: 2520, Time: 00:00:57

Health: -17/39     AC: 18    Str: 14    XL:     6   Next: 49%
Magic:  6/6        EV: 10    Int: 10    God:    Okawaru [......]
Gold:   52         SH:  5    Dex: 15    Spells: 5/5 levels left

rFire   . . .        Y - +1 shortbow
rCold   . . .        (shield currently unavailable)
rNeg    + . .        j - +4 ring mail {Will+}
rPois   inf          (no helmet)
rElec   +            (no cloak)
rCorr   .            g - +0 pair of gloves
SInv    .            (no boots)
Will    +....        c - amulet of reflection
Stlth   +            i - +4 ring of protection
HPRegen 0.26/turn    (no ring)
MPRegen 0.10/turn

%: reflection
@: no status effects
A: sickness immunity, AC +4, negative energy resistance 1, electricity
resistance, torment resistance 1, petrification resistance
a: Renounce Religion


You were on level 4 of the Dungeon.
You worshipped Okawaru.
Okawaru was noncommittal.
You visited 1 branch of the dungeon, and saw 4 of its levels.

You collected 119 gold pieces.
You spent 67 gold pieces at shops.


Innate Abilities, Weirdness & Mutations

You are immune to sickness and miasma.
Your stone body is resilient. (AC +4)
You are immune to poison.
You resist negative energy. (rN+)
You are resistant to electric shocks. (rElec)
You are resistant to unholy torment.
You are immune to petrification.


   Skills:
 - Level 4.5 Fighting
 + Level 6.5 Ranged Weapons
 - Level 1.0 Armour
 - Level 1.5 Dodging
 - Level 1.1 Stealth


You had 5 spell levels left.
You didn't know any spells.
Your spell library was empty.

Inventory:

Hand Weapons
 Y - a +1 shortbow (weapon)
Armour
 g - a +0 pair of gloves (worn)
 j - a +4 ring mail of willpower (worn)
Jewellery
 c - an amulet of reflection (around neck)
 h - a ring of fire
 i - a +4 ring of protection (left hand)
Scrolls
 a - a scroll of identify
Potions
 d - a potion of curing
 e - a potion of haste {unknown}

Dungeon Overview and Level Annotations

Branches:
Dungeon (4/15)
 Temple: D:4-7

Altars:
Kikubaaqudgha
Nemelex Xobeh
Okawaru
Xom

Shops:
D:2 *


Message History

You are engulfed in a cloud of scalding steam.
You shoot an arrow.
The arrow hits the steam dragon but does no damage.
The steam dragon is severely wounded.
You are engulfed in a cloud of scalding steam.
The steam dragon breathes steam at you. The ball of steam hits you!
You shoot an arrow.
The arrow completely misses the steam dragon.
The steam dragon bites you but does no damage.
The steam dragon closely misses you. You block the steam dragon's attack.
The steam dragon completely misses you.
You shoot an arrow.
The arrow closely misses the steam dragon.
The steam dragon bites you but does no damage.
The steam dragon claws you but does no damage.
You shoot an arrow.
The arrow barely misses the steam dragon.
The steam dragon bites you but does no damage.
You block the steam dragon's attack.
You shoot an arrow. The arrow hits the steam dragon!
The steam dragon is almost dead.
The steam dragon bites you. The steam dragon barely misses you.
You shoot an arrow.
The arrow closely misses the steam dragon.
You block the steam dragon's attack.
The steam dragon claws you but does no damage.
You shoot an arrow.
The arrow closely misses the steam dragon.
You block the steam dragon's attack. The steam dragon barely misses you.
A goblin comes into view. It is wielding a +0 sling.
You shoot an arrow.
The arrow closely misses the steam dragon.
The arrow hits the goblin!
You kill the goblin!
Okawaru accepts your kill. The steam dragon breathes steam at you.
The ball of steam hits you!!
Ouch! That really hurt!
You die...

#+ ... .... ###
..... ##>##
......####..<##
).....D@......#
......####...##
.(... ##.##
.... ### ... #+


You could see a steam dragon (catching breath).

Vanquished Creatures
  Ijyb (D:3)
  4 gnolls
  2 adders
  A worm (D:3)
  A dart slug (D:1)
  An orc (D:3)
  8 endoplasms
  2 giant cockroaches
  5 goblins
  5 hobgoblins
  9 kobolds
  A quokka (D:1)
  5 ball pythons
  6 bats
  5 frilled lizards
  5 rats
61 creatures vanquished.

Vanquished Creatures (others)
  5 dream sheep (D:3)
  A human (D:3)
6 creatures vanquished.

Grand Total: 67 creatures vanquished

Notes
Turn   | Place    | Note
-------+----------+-------------------------------------------
     0 | D:1      | qw the Gargoyle Hunter began the quest for the Orb.
     0 | D:1      | Reached XP level 1. HP: 12/12 MP: 1/1
     0 | D:1      | 0 ||| qw: Version: 0.3-a-76-g4403597
     0 | D:1      | 0 ||| qw: Game counter: 841
     0 | D:1      | 0 ||| qw: Melee chars always use a shield: true
     0 | D:1      | 0 ||| qw: God list: Okawaru
     0 | D:1      | 0 ||| qw: Allow faded altars: false
     0 | D:1      | 0 ||| qw: Do Orc after clearing Dungeon:15 true
     0 | D:1      | 0 ||| qw: Do second Lair branch before Depths: true
     0 | D:1      | 0 ||| qw: Lair rune preference: random
     0 | D:1      | 0 ||| qw: Goals: Normal
     0 | D:1      | 0 ||| PLANNING D:1-11
   156 | D:1      | Reached XP level 2. HP: 17/17 MP: 2/2
   354 | D:1      | 354 ||| Stepping ~*~*~tactically~*~*~ (outnumbered).
   372 | D:1      | Reached skill level 5 in Ranged Weapons
   372 | D:1      | Reached XP level 3. HP: 16/21 MP: 3/3
   635 | D:1      | 635 ||| UPGRADING to +0 ring mail.
   645 | D:1      | 645 ||| DROPPING +0 leather armour.
   646 | D:1      | 646 ||| DROPPING ring of magical power.
   647 | D:1      | 647 ||| UPGRADING to +4 ring of protection.
   648 | D:1      | 648 ||| READING scroll labelled PADEOL PERPH.
   649 | D:1      | 649 ||| READING scroll labelled PAEM DOERCHIBO.
   650 | D:1      | 650 ||| DRINKING 2 sedimented grey potions.
   651 | D:1      | 651 ||| DROPPING scroll of butterflies.
   670 | D:2      | 670 ||| STAIRDANCE
  1108 | D:2      | Found Lumiph's Assorted Antiques.
  1114 | D:2      | 1114 ||| BUYING 2 smoky red potions (45 gold).
  1114 | D:2      | Bought 2 smoky red potions for 45 gold pieces
  1114 | D:2      | 1114 ||| BUYING bubbling black potion (22 gold).
  1114 | D:2      | Bought a bubbling black potion for 22 gold pieces
  1114 | D:2      | 1114 ||| SHOPLISTING marble ring (125 gold, have 3).
  1114 | D:2      | 1114 ||| SHOPLISTING scroll labelled BEPSANWYRE (25 gold,
                  | have 3).
  1114 | D:2      | 1114 ||| SHOPLISTING scroll labelled ICAGAOWI ENOIL (25
                  | gold, have 3).
  1114 | D:2      | 1114 ||| SHOPLISTING scroll of identify (50 gold, have 3).
  1248 | D:2      | Reached skill level 1 in Armour
  1509 | D:2      | Reached XP level 4. HP: 26/27 MP: 4/4
  1638 | D:2      | 1638 ||| UPGRADING to +0 pair of gloves.
  1643 | D:2      | 1643 ||| READING scroll labelled WUJUPNAPTO.
  1647 | D:2      | 1647 ||| READING scroll labelled WIATZYTHUI.
  1648 | D:2      | 1648 ||| READING scroll labelled SEGABY COUSEC.
  1649 | D:2      | 1649 ||| DRINKING 2 smoky red potions.
  1650 | D:2      | 1650 ||| DROPPING potion of attraction.
  1695 | D:3      | Reached skill level 3 in Fighting
  1939 | D:3      | Noticed Ijyb
  1953 | D:3      | Paralysed by Ijyb for 2 turns
  1960 | D:3      | Paralysed by Ijyb for 4 turns
  1965 | D:3      | Killed Ijyb
  2213 | D:3      | Reached XP level 5. HP: 32/32 MP: 5/5
  2249 | D:3      | Found an ancient bone altar of Kikubaaqudgha.
  2250 | D:3      | Noticed a human
  2254 | D:3      | Killed a human
  2268 | D:3      | Found an iron altar of Okawaru.
  2269 | D:3      | 2269 ||| PLANNING OKAWARU WORSHIP
  2269 | D:3      | 2269 ||| UPGRADING to +4 ring mail of willpower.
  2279 | D:3      | 2279 ||| DROPPING +0 ring mail.
  2280 | D:3      | 2280 ||| UPGRADING to amulet of reflection.
  2285 | D:3      | 2285 ||| READING 2 scrolls of identify.
  2285 | D:3      | 2285 ||| IDENTIFYING glowing coppery potion
  2286 | D:3      | 2286 ||| DROPPING potion of lignification.
  2290 | D:3      | Became a worshipper of Warmaster Okawaru
  2291 | D:3      | 2291 ||| PLANNING D:1-11
  2317 | D:3      | Noticed a dream sheep
  2317 | D:3      | Noticed a dream sheep
  2317 | D:3      | Noticed a dream sheep
  2317 | D:3      | Noticed a dream sheep
  2317 | D:3      | Noticed a dream sheep
  2317 | D:3      | Found a shimmering altar of Xom.
  2318 | D:3      | Killed a dream sheep
  2319 | D:3      | Reached skill level 6 in Ranged Weapons
  2319 | D:3      | Killed a dream sheep
  2320 | D:3      | Reached XP level 6. HP: 38/38 MP: 6/6
  2320 | D:3      | Killed a dream sheep
  2320 | D:3      | Killed a dream sheep
  2321 | D:3      | Killed a dream sheep
  2472 | D:3      | Found a sparkling altar of Nemelex Xobeh.
  2507 | D:4      | Noticed a steam dragon
  2513 | D:4      | HP: 6/39 [steam dragon/ball of steam (8)]
  2520 | D:4      | Killed from afar by a steam dragon

Levels and vault maps discovered:
D:1:      amcnicky_arrival_choice, layout_loops_ring, roderic_cross_of_infinity
D:2:      kennysheep_six_static_rooms, layout_loops_corners, serial_shops, shop,
          grunt_ministairs_4, chequers_serial_rivers_micro_d
D:3:      layout_basic, kb_xom_exploding_sheep, tgw_kikubaaqudgha,
          mainiacjoe_overflow_big_doors, kennysheep_generic_room_8, uniq_ijyb
D:4:      layout_loops_corners, minmay_temple_entry_large_hall, serial_demonic,
          serial_demonic_a, serial_demonic_d, serial_demonic_b,
          serial_demonic_f, serial_demonic_e, serial_demonic_b,
          hangedman_abyss_or_decor_stagger, uniq_eustachio

Skill      XL: |  1  2  3  4  5  6 |
---------------+-------------------+-----
Ranged Weapons | 5 6 |  6.5
Armour         | 1 |  1.0
Fighting       | 3 4 |  4.5
Dodging        | |  1.5
Stealth        | |  1.1

Action                     |  1- 3 |  4- 6 || total
---------------------------+-------+-------++-------
   Fire: Shortbow          |   131 |   103 ||   234
    Use: Scroll            |     2 |     4 ||     6
         Potion            |     1 |     1 ||     2
 Armour: Leather armour    |    36 |       ||    36
         Ring mail         |    12 |    45 ||    57
  Dodge: Dodged            |    32 |    34 ||    66
  Block: Other             |       |     9 ||     9

Table legend:
 A = Non-vault XP
 B = Vault XP
 C = Vault XP percentage of total XP
 D = Non-vault monster count
 E = Vault monster count
 F = Vault count percentage of total count
                 A         B        C        D         E       F
            +---------+---------+-------+---------+---------+-------
      Total |     408 |      61 |  13.0 |      54 |      10 |  15.6
            +---------+---------+-------+---------+---------+-------
        D:1 |      52 |       0 |   0.0 |      23 |       0 |   0.0
        D:2 |      11 |      23 |  67.6 |       7 |       8 |  53.3
        D:3 |     343 |      38 |  10.0 |      23 |       2 |   8.0
        D:4 |       2 |       0 |   0.0 |       1 |       0 |   0.0
            +---------+---------+-------+---------+---------+-------
